 Dungeon Crawl Stone Soup version 0.21-a0-142-gdd972a7 (webtiles) character file.

423235 drasked the Slayer (level 23, -5/229 HPs)
             Began as a Hill Orc Monk on July 22, 2017.
             Was the Champion of Beogh.
             Killed from afar by a titan (51 damage)
             ... with a bolt of lightning
             ... on level 2 of the Depths.
             The game lasted 06:20:28 (54965 turns).

drasked the Slayer (Hill Orc Monk)                 Turns: 54965, Time: 06:20:28

Health: -5/229     AC: 33    Str: 30    XL:     23   Next: 41%
Magic:  35/35      EV:  9    Int: 18    God:    Beogh [******]
Gold:   5435       SH: 27    Dex: 13    Spells: 22/22 levels left

rFire    + + .     SeeInvis +   A - +6 sacred scourge (holy)
rCold    + + .     Gourm    +   L - +2 large shield
rNeg     + . .     Faith    .   x - +5 plate armour of Inviolability {rPois rN+}
rPois    +         Spirit   .   N - +2 hat
rElec    .         Reflect  .   G - +0 cloak "Luoxesh" {Str+3 Int+4 Slay+3}
rCorr    .         Harm     .   Y - +3 pair of gauntlets of War {Slay+5}
MR       +....                  J - +0 pair of boots of Failure {Int+4 SInv}
Stlth    ..........             H - amulet "Rer Siah" {Gourm Stlth+}
HPRegen  0.48/turn              F - ring "Put-Me-On" {rF++ rC+ AC-2}
MPRegen  0.24/turn              v - ring "Iraf Pottun" {rPois rC+ Str+3}

@: no status effects
A: walk on water
}: 3/15 runes: barnacled, silver, gossamer
a: Smiting, Recall Orcish Followers, Give Item to Named Follower, Resurrection,
Renounce Religion


You were on level 2 of the Depths.
You worshipped Beogh.
Beogh was exalted by your worship.
You were very full.

You visited 8 branches of the dungeon, and saw 40 of its levels.
You visited 1 bazaar.
You also visited: Sewer, Bailey and Wizlab.

You collected 6486 gold pieces.
You spent 1051 gold pieces at shops.

Inventory:

Hand Weapons
 A - a +6 sacred scourge of holy wrath (weapon)
   (You took it off Mennas on level 3 of the Vaults)
Armour
 x - the +5 plate armour of Inviolability (worn) {rPois rN+}
   (You acquired it on level 1 of the Shoals)

   It protects you from poison.
   It protects you from negative energy.
 y - +0 gold dragon scales
   (You found it on level 5 of the Vaults)
 G - the +0 cloak "Luoxesh" (worn) {Str+3 Int+4 Slay+3}
   (You found it in a wizard's laboratory)

   It affects your strength (+3).
   It affects your intelligence (+4).
   It affects your accuracy and damage with ranged weapons and melee attacks
   (+3).
 J - the +0 pair of boots of Failure (worn) {Int+4 SInv}
   (You bought it in a shop on level 6 of the Dungeon)

   It affects your intelligence (+4).
   It lets you see invisible.
 L - a +2 large shield (worn)
   (You took it off a vault guard on level 4 of the Vaults)
 N - a +2 hat (worn)
   (You found it on level 1 of the Shoals)
 V - the +4 plate armour "Quakud" {rF++ Dex+5 Stlth+}
   (You found it on level 5 of the Vaults)

   It affects your dexterity (+5).
   It greatly protects you from fire.
   It makes you more stealthy.
 Y - the +3 pair of gauntlets of War (worn) {Slay+5}
   (You found it on level 5 of the Vaults)

   It affects your accuracy and damage with ranged weapons and melee attacks
   (+5).
Magical Staves
 B - an uncursed staff of air {unknown}
   (You found it on level 2 of the Depths)
 I - an uncursed staff of death {rN+}
   (You found it on level 2 of the Depths)
Jewellery
 o - an uncursed ring of flight {+Fly, !d}
   (You found it on level 14 of the Dungeon)
 v - the ring "Iraf Pottun" (right hand) {rPois rC+ Str+3}
   (You bought it in a shop on level 2 of the Orcish Mines)

   [ring of poison resistance]

   It affects your strength (+3).
   It protects you from cold.
   It protects you from poison.
 F - the ring "Put-Me-On" (left hand) {rF++ rC+ AC-2}
   (You bought it in a shop on level 2 of the Orcish Mines)

   [ring of protection]

   It affects your AC (-2).
   It greatly protects you from fire.
   It protects you from cold.
 H - the amulet "Rer Siah" (around neck) {Gourm Stlth+}
   (You found it on level 1 of the Depths)

   [amulet of the gourmand]

   It allows you to eat raw meat even when not hungry.
   It makes you more stealthy.
Wands
 l - a wand of polymorph (10/24)
   (You found it on level 2 of the Depths)
 n - a wand of digging (11/24)
   (You found it on level 2 of the Elven Halls)
 P - a wand of digging (12/24)
   (You found it on level 2 of the Vaults)
 S - a wand of digging (17/24)
   (You found it on level 1 of the Depths)
Scrolls
 a - 9 scrolls of blinking {!r}
 d - 9 scrolls of remove curse
 e - a scroll of silence
 f - 10 scrolls of fear
 h - 17 scrolls of identify
 p - 5 scrolls of enchant armour
 t - 7 scrolls of recharging
 w - 3 scrolls of holy word {!r}
 E - 19 scrolls of teleportation
 M - 2 scrolls of magic mapping {!r}
 R - a scroll of amnesia
 U - 5 scrolls of fog
Potions
 b - 2 potions of berserk rage {!q}
 i - 14 potions of curing
 j - 3 potions of haste
 k - 2 potions of ambrosia
 m - 3 potions of flight
 q - 9 potions of heal wounds
 r - 9 potions of might
 u - 7 potions of lignification {!q}
 z - a potion of brilliance
 D - 3 potions of agility
Comestibles
 c - 15 bread rations {@e1}
 g - 6 royal jellies
 s - 22 meat rations {@e2}
 W - 6 fruits


   Skills:
 + Level 23.8 Fighting
 - Level 12.5 Maces & Flails
 + Level 21.9 Armour
 - Level 2.4 Dodging
 - Level 1.5 Stealth
 + Level 21.7 Shields
 + Level 17.4 Invocations


You had 22 spell levels left.
You didn't know any spells.

Dungeon Overview and Level Annotations

Branches:
Dungeon (15/15)            Temple (0/1) D:6            Lair (6/6) D:8
 Shoals (4/4) Lair:2       Spider (4/4) Lair:3        Slime (0/5) Lair:5
    Orc (2/2) D:11            Elf (2/3) Orc:2        Vaults (5/5) D:13
  Crypt (0/3) Vaults:2     Depths (2/5) D:15

Altars:
Cheibriados
Dithmenos
Makhleb
Nemelex Xobeh
Okawaru
Qazlal
Ru
Vehumet
Yredelemnul
Beogh

Shops:
D:6 %[(   D:12 (   Orc:2 ?(*=[   Vaults:2 (   Vaults:4 *:*%!

Portals:
Hell: Depths:1
Abyss: Depths:1
Trove: Elf:1 (give horn of Geryon)

Annotations:
Orc:2 Blork the orc


Message History

You hear a deafening roar! x2; You hear a shout! x2
You take 6 damage, and have 165/229 hp.
You whack the fire giant! You hit the fire giant.
The fire giant gestures at you while chanting.
The bolt of fire hits you! x2; You resist.
You take 11 damage, and have 154/229 hp.
Your plate armour of Inviolability prevents you from hitting the fire giant.
You thrash the fire giant!! You block the fire giant's attack.
You hit the fire giant.
Wargrak no longer looks unusually strong.
You thrash the fire giant!!
You kill the fire giant!
Beogh accepts your kill.
Wargrak looks more experienced.
You closely miss the ice dragon. You thrash the ice dragon!!
You block the ice dragon's attack. x3
You thrash the ice dragon!! You hit the ice dragon.
The ice dragon bites you but does no damage.
You block the ice dragon's attack. x2
You whack the ice dragon! You whack the ice dragon!
The ice dragon bites you but does no damage.
You block the ice dragon's attack.
The ice dragon tramples you but does no damage.
You whack the ice dragon! You block the ice dragon's attack.
The ice dragon claws you but does no damage.
You block the ice dragon's attack.
A spark wasp zombie comes into view.
Your plate armour of Inviolability prevents you from hitting the ice dragon.
Bogward no longer looks unusually strong.
You hit the ice dragon but do no damage.
The ice dragon bites you but does no damage.
You block the ice dragon's attack. x2
You hit the ice dragon.
Grimold no longer looks unusually strong.
You punish the ice dragon, causing immense pain!!!
You kill the ice dragon!
Beogh accepts your kill.
A titan comes into view.
You completely miss the fire dragon.
Norbak no longer looks unusually strong.
A necromancer comes into view. It is wielding a dagger.
You hit the fire dragon. The fire dragon breathes flames at you.
The blast of flame hits you! You resist.
You hear a deafening roar!
You take 11 damage, and have 147/229 hp.
You thrash the fire dragon!!
The necromancer mumbles some strange words.
The necromancer binds the souls of nearby monsters.
You hit the fire dragon. The fire dragon breathes flames at you.
The blast of flame hits you! You resist.
You take 13 damage, and have 135/229 hp.
You closely miss the fire dragon.
The fire dragon bites you but does no damage.
You block the fire dragon's attack. x2
A spriggan defender skeleton comes into view.
You thrash the fire dragon!! You block the titan's attack.
You closely miss the fire dragon. The fire dragon misses you.
You block the fire dragon's attack. The fire dragon completely misses you.
You whack the fire dragon! You block the titan's attack.
You whack the fire dragon! You block the fire dragon's attack.
The fire dragon claws you but does no damage.
You block the fire dragon's attack.
You thrash the fire dragon!!
You kill the fire dragon!
Beogh accepts your kill.
Murdo no longer looks unusually strong.
Grimold roars a battlecry!
Your orcs go into a battle-frenzy!
The titan points at you and mumbles some strange words.
The bolt of lightning hits you! x2
* * * LOW HITPOINT WARNING * * *
The bolt of lightning hits the titan.
The titan completely resists.
You take 100 damage, and have 36/229 hp.
MASSIVE DAMAGE!!
You swap places.
Bogward roars a battlecry!
Grimold goes into a battle-frenzy!
The titan waves its arms in wide circles.
The air twists around and strikes you!
* * * LOW HITPOINT WARNING * * *
You see here the cursed +1 chain mail of the Blessed Realm {rCorr Str+4 Int-3}.
You take 24 damage, and have 12/229 hp.
You feel much better.
Something hits Bogward but does no damage.
Bogward hits the titan with the +8 whip "Snakebite" {curare, rPois}!!!
The titan is poisoned.
The titan convulses.
The titan seems to slow down.
The titan closely misses Bogward.
You hear a deafening roar!
You regained 34 hp, and now have 46/229 hp.
Something hits Bogward but does no damage.
Bogward barely misses something.
The titan gestures at you while chanting.
The bolt of lightning hits Bogward.
The bolt of lightning misses you. The bolt of lightning hits you!
You die... #### ...# ...## #...# ## #...## Z.# ##...# ## #.# ## ##...## #.#.#p# #.# .##...# #.Co###.. # .##...# #.#.#@#.# .## ..##..# ####o## ##.## ..##..# #ooo#

#...# .##...# #oo.# #...#
.##...# #...# #...#
##...##
######...###...########
##...#
........................
#...##
......##....##o..........
#...####.....
##.####...........


You could see a titan, the friendly Bogward the orc warlord, the friendly
Gorbash the orc warlord, the friendly Grimold the orc warlord, the friendly
Murdo the orc warlord and the friendly Morbeogh the orc knight.

Vanquished Creatures
  Mennas (Vaults:3)
  Sojobo (Depths:1)
  Boris (Vaults:5)
  Bai Suzhen (Depths:2)
  Saint Roka (Vaults:3)
  The ghost of kuniqs the Sorcerer, a veteran DEIE of Kikubaaqudgha (Vaults:5)
  Rupert (D:13)
  3 titans
  3 liches
  3 sphinxes
  An eldritch tentacle (WizLab)
  An Executioner (WizLab)
  2 tentacled starspawn (WizLab)
  A shadow dragon (Vaults:5)
  A tengu reaver (Vaults:5)
  3 fire giants
  2 deep elf sorcerers
  An iron dragon (Vaults:5)
  3 ghost moths (Spider:4)
  2 orc warlords (Orc:2)
  8 vault wardens
  5 frost giants
  3 emperor scorpions (Spider:4)
  7 ironheart preservers
  A war gargoyle (Vaults:5)
  10 stone giants
  8 very ugly things
  3 deep elf demonologists
  3 entropy weavers
  A vampire knight (Depths:1)
  5 spark wasps (Depths:1)
  The ghost of kuniqs the Thaumaturge, a journeyman DEIE of Kikubaaqudgha (Orc:1)
  4 ettins
  5 merfolk javelineers
  3 merfolk impalers
  9 fire dragons
  2 deep elf death magi
  5 yaktaur captains
  A deep elf high priest (Vaults:5)
  4 great orbs of eyes
  A hell beast (Depths:1)
  8 vault guards
  5 ice dragons
  Harold (Lair:3)
  2 hydras
  2 merfolk avatars (Shoals:4)
  8 centaur warriors
  4 rakshasas
  An alligator snapping turtle (Shoals:2)
  3 merfolk aquamancers (Shoals:4)
  14 two-headed ogres
  A catoblepas (Shoals:3)
  A two-headed ogre (shapeshifter) (Vaults:5)
  2 death yaks
  7 ogre magi
  11 dancing weapons
  5 tengu warriors
  2 satyrs
  5 deep troll shamans
  3 deep troll earth magi (Depths:1)
  2 thrashing horrors (WizLab)
  2 hell knights
  13 deep elf knights
  A shadow wraith (WizLab)
  10 spriggans (Lair:6)
  2 sea snakes (Shoals:4)
  A storm dragon skeleton (Vaults:4)
  An unseen horror (D:10)
  4 glowing orange brains
  A glowing orange brain (shapeshifter) (Vaults:5)
  6 deep elf archers
  8 deep trolls
  2 wizards
  2 flayed ghosts (Vaults:2)
  4 necromancers
  2 phantasmal warriors (Vaults:5)
  A tengu zombie (Depths:2)
  9 ironbrand convokers
  An obsidian statue (WizLab)
  2 harpies (Shoals:4)
  3 orc knights
  13 wolf spiders
  A frost giant zombie (Depths:2)
  26 deep elf magi
  12 orb spiders
  2 orc sorcerers
  A sphinx zombie (Vaults:5)
  An oklob plant (Lair:4)
  14 ugly things
  2 fauns (Shoals:1)
  2 worldbinders (WizLab)
  5 cyclopes
  2 manticores
  6 merfolk sirens
  A centaur zombie (D:8)
  A guardian serpent (shapeshifter) (Depths:1)
  Maurice (Orc:2)
  A moth of wrath (Spider:4)
  A black mamba (Lair:3)
  A frost giant skeleton (Vaults:4)
  A water nymph (Shoals:4)
  An elephant (shapeshifter) (Vaults:4)
  11 vault sentinels
  A smoke demon (WizLab)
  2 spiny frogs (Lair:6)
  A rust devil (Depths:1)
  2 gargoyles
  A torpor snail (Lair:6)
  4 komodo dragons
  21 yaktaurs
  A spriggan zombie (Depths:2)
  3 demonic crawlers
  A kobold demonologist (D:14)
  2 rime drakes
  3 freezing wraiths
  A yaktaur (shapeshifter) (Vaults:1)
  3 ice devils
  A redback zombie (D:15)
  An ancient zyme (WizLab)
  2 tengu conjurers
  6 trolls
  A yaktaur skeleton (Vaults:5)
  2 meliai (D:15)
  13 jumping spiders
  12 merfolk
  A polar bear (shapeshifter) (D:14)
  2 wind drakes
  A hornet (shapeshifter) (Vaults:4)
  12 hornets
  13 blink frogs
  5 dream sheep
  A stone giant simulacrum (Vaults:5)
  4 snapping turtles
  2 small abominations (WizLab)
  A frost giant simulacrum (Depths:2)
  A dream sheep (shapeshifter) (Vaults:1)
  21 slime creatures
  5 hippogriffs
  38 redbacks
  An ettin skeleton (Depths:2)
  A tarantella (shapeshifter) (Vaults:2)
  21 tarantellas
  A ynoxinul (WizLab)
  An air elemental (Elf:1)
  A vampire (D:10)
  A human (shapeshifter) (Vaults:2)
  A basilisk (shapeshifter) (Vaults:1)
  A water elemental (WizLab)
  A wraith (D:13)
  4 wyverns
  20 yaks
  2 fire elementals (Elf:1)
  8 humans
  An elf simulacrum (Vaults:5)
  3 basilisks
  A hog (D:11)
  A vampire mosquito (D:13)
  A steam dragon (Lair:3)
  An insubstantial wisp (WizLab)
  2 wargs
  2 spatial vortices (WizLab)
  12 water moccasins
  An acid dragon (Vaults:1)
  2 hell hounds
  A water moccasin (shapeshifter) (Depths:2)
  3 porcupines
  4 orc warriors
  5 black bears
  3 sky beasts
  2 ice beasts
  A hornet zombie (D:11)
  5 necrophages
  An elf zombie (Vaults:5)
  11 centaurs
  12 ogres
  15 boggarts
  9 wolves
  4 crocodiles
  3 big kobolds
  A hippogriff zombie (Shoals:4)
  7 bullfrogs
  A wyvern zombie (D:13)
  A glowing shapeshifter simulacrum (Depths:2)
  5 scorpions
  The ghost of p0werm0de the Sneak, a weakling NaAs of Sif Muna (D:3)
  5 killer bees
  3 wights
  6 electric eels
  2 crimson imps
  2 bullfrog zombies
  4 jellies
  2 human simulacra
  3 orc priests
  15 orc wizards
  2 centaur skeletons
  A hound (D:14)
  An iron imp (WizLab)
  4 bullfrog skeletons
  Natasha (thrice) (D:2)
  2 iguanas
  9 worker ants
  A killer bee zombie (D:5)
  A hound zombie (D:6)
  2 hound skeletons
  2 howler monkey zombies
  16 gnolls
  19 adders
  3 shadow imps
  3 oozes
  2 adder skeletons
  4 worms
  5 dart slugs (D:4)
  10 leopard geckos
  19 orcs
  3 ball pythons
  10 giant cockroaches
  10 goblins
  16 hobgoblins
  12 jackals
  3 quokkas
  7 bats
  12 frilled lizards
  A jackal skeleton (D:4)
  37 kobolds
  11 rats
  9 plants
  A starspawn tentacle (WizLab)
1050 creatures vanquished.

Vanquished Creatures (collateral kills)
  Frederick (Depths:1)
  3 golden dragons (Vaults:5)
  3 tentacled monstrosities
  2 quicksilver dragons (Vaults:5)
  2 titans (Vaults:5)
  A tentacled starspawn (WizLab)
  Polyphemus (Shoals:3)
  6 tengu reavers
  2 storm dragons (Vaults:5)
  2 shadow dragons
  3 deep elf sorcerers
  Ilsuiw (Shoals:3)
  3 fire giants
  An iron dragon (Vaults:5)
  2 frost giants
  9 vault wardens
  An emperor scorpion (Spider:3)
  2 spriggan defenders (Depths:1)
  A deep elf elementalist (Vaults:5)
  2 war gargoyles (Vaults:5)
  11 ironheart preservers
  7 stone giants
  5 very ugly things
  3 entropy weavers
  A deep elf demonologist (Vaults:4)
  3 spark wasps (Spider:4)
  5 ettins
  5 merfolk javelineers
  4 deep elf death magi
  2 great orbs of eyes
  8 yaktaur captains
  A merfolk impaler (Shoals:2)
  Josephine (D:13)
  6 fire dragons
  2 rakshasas
  22 vault guards
  2 ice dragons
  2 hydras
  A catoblepas (Lair:4)
  The ghost of Wingboner the Nimble, a journeyman DsTm of Cheibriados (D:10)
  The ghost of drasked the Basher, a novice HOMo of Beogh (D:9)
  3 ogre magi
  10 two-headed ogres
  A satyr (Shoals:3)
  4 merfolk avatars (Shoals:4)
  6 centaur warriors
  3 death knights
  4 merfolk aquamancers
  13 dancing weapons
  9 death yaks
  2 tengu warriors (Depths:1)
  Urug (D:13)
  An orc high priest (Orc:2)
  A vampire mage (Depths:1)
  2 titan zombies
  11 deep elf knights
  A skeletal warrior (Vaults:2)
  An unseen horror (Vaults:1)
  8 deep trolls
  A glowing orange brain (Depths:1)
  6 sea snakes
  11 ironbrand convokers
  2 phantasmal warriors
  A wizard (Depths:1)
  9 deep elf archers
  11 harpies
  5 necromancers
  A sphinx zombie (Vaults:4)
  3 orc sorcerers
  22 wolf spiders
  7 orb spiders
  A shadow dragon skeleton (Vaults:4)
  5 fauns
  8 cyclopes
  10 orc knights
  26 deep elf magi
  5 manticores
  15 ugly things
  A cyclops (shapeshifter) (Elf:1)
  A black mamba (Lair:3)
  7 vault sentinels
  Joseph (D:9)
  4 merfolk sirens
  A torpor snail (Spider:1)
  2 water nymphs
  3 centaur skeletons
  2 rime drakes
  A yaktaur zombie (Vaults:5)
  A kobold demonologist (D:14)
  9 spiny frogs
  26 yaktaurs
  6 demonic crawlers
  A komodo dragon (shapeshifter) (Vaults:4)
  A komodo dragon (D:8)
  5 freezing wraiths
  An ice devil (WizLab)
  28 jumping spiders
  A yaktaur skeleton (Vaults:4)
  4 meliai (D:15)
  2 harpy zombies (Shoals:4)
  9 hornets
  26 merfolk
  8 trolls
  2 wind drakes
  5 polar bears
  9 blink frogs
  6 hippogriffs
  19 dream sheep
  A hippogriff (shapeshifter) (Vaults:1)
  A raiju (WizLab)
  4 snapping turtles
  18 slime creatures
  38 redbacks
  3 wraiths (D:13)
  8 water elementals
  11 tarantellas
  3 spriggans (Lair:6)
  4 wyverns
  A tarantella (shapeshifter) (Vaults:4)
  2 basilisks
  An elf zombie (Vaults:1)
  30 yaks
  9 humans (D:13)
  An elf skeleton (Vaults:1)
  3 vampire mosquitoes (D:13)
  2 hungry ghosts
  A warg (Vaults:5)
  A porcupine (Lair:5)
  7 water moccasins
  11 orc warriors
  A hornet zombie (D:12)
  An ice beast (D:13)
  A sky beast (shapeshifter) (Vaults:3)
  A sky beast (D:10)
  2 necrophages
  A human zombie (Vaults:1)
  11 centaurs
  A phantom (D:12)
  4 boggarts
  10 ogres
  15 wolves
  6 crocodiles
  4 bullfrogs
  2 hippogriff zombies (Shoals:4)
  2 human skeletons
  3 killer bees (D:12)
  An electric eel (Lair:2)
  3 wights
  3 howler monkeys (D:9)
  2 centaur zombies
  2 crimson imps
  A quasit (D:9)
  A bullfrog zombie (D:10)
  2 jellies (Lair:5)
  3 orc priests
  3 hounds
  9 orc wizards
  2 iguanas (D:10)
  A worker ant (D:13)
  2 oozes (Lair:5)
  An adder zombie (D:6)
  A leopard gecko (D:9)
  19 orcs
  A hobgoblin (D:5)
  2 jackals
  7 kobolds
  2 bushes
  A butterfly (D:6)
  13 fungi
  21 plants
  A starspawn tentacle (WizLab)
892 creatures vanquished.

Vanquished Creatures (others)
  3 orc warlords
  2 fire giants
  A stone giant (Depths:1)
  2 orc high priests
  8 orc sorcerers
  11 orc knights
  A harpy (Vaults:5)
  2 deep elf magi
  11 orc wizards
  27 orc warriors
  A tarantella (Spider:4)
  2 boggarts (Vaults:1)
  Blork the orc (Orc:2)
  15 orc priests
  72 orcs
  2 fungi
  17 plants
  4 starspawn tentacles (WizLab)
182 creatures vanquished.

Grand Total: 2124 creatures vanquished

Notes
Turn   | Place    | Note
-------+----------+-------------------------------------------
     0 | D:1      | drasked the Hill Orc Monk began the quest for the Orb.
     0 | D:1      | Reached XP level 1. HP: 19/19 MP: 1/1
   210 | D:1      | Reached XP level 2. HP: 26/27 MP: 2/2
   228 | D:1      | Reached skill level 1 in Armour
   417 | D:1      | Reached skill level 4 in Maces & Flails
   424 | D:1      | Reached XP level 3. HP: 19/33 MP: 3/3
   721 | D:1      | Reached skill level 4 in Fighting
   970 | D:2      | Found a sacrificial altar of Ru.
  1023 | D:2      | Found a basalt altar of Yredelemnul.
  1028 | D:2      | Reached XP level 4. HP: 40/40 MP: 4/4
  1073 | D:2      | Noticed Natasha
  1085 | D:2      | HP: 10/40 [white imp/puff of frost[Natasha] (9)]
  1086 | D:2      | Killed Natasha
  1086 | D:2      | Reached skill level 2 in Armour
  1415 | D:2      | Found a stormy altar of Qazlal.
  1596 | D:2      | Noticed Natasha
  1604 | D:2      | Killed Natasha
  1604 | D:2      | Reached XP level 5. HP: 44/47 MP: 5/5
  1605 | D:2      | Reached skill level 5 in Maces & Flails
  1702 | D:2      | Noticed Natasha
  1711 | D:2      | Killed Natasha
  2325 | D:3      | Reached XP level 6. HP: 52/55 MP: 6/6
  2331 | D:3      | Reached skill level 5 in Fighting
  2634 | D:3      | Reached skill level 3 in Armour
  2771 | D:3      | Became a worshipper of Beogh the Brigand
  2771 | D:3      | Reached * piety under Beogh
  2771 | D:3      | Reached ** piety under Beogh
  2862 | D:3      | Noticed p0werm0de's ghost (weakling NaAs)
  2873 | D:3      | Killed p0werm0de's ghost
  2873 | D:3      | Reached skill level 6 in Maces & Flails
  3462 | D:4      | Reached XP level 7. HP: 47/61 MP: 7/7
  3608 | D:4      | Found a shadowy altar of Dithmenos.
  4082 | D:5      | Entered Level 5 of the Dungeon
  4189 | D:5      | Reached skill level 6 in Fighting
  4189 | D:5      | Reached skill level 7 in Maces & Flails
  4189 | D:5      | Reached skill level 4 in Armour
  4288 | D:5      | Got a scorched whip
  4291 | D:5      | Identified the +6 whip of Battle {drain, rElec MR+ Str-2 Dex+5} (You found it on level 5 of the Dungeon)
  4416 | D:5      | Reached XP level 8. HP: 63/71 MP: 8/8
  4496 | D:5      | Found a glowing drain.
  4514 | Sewer    | Entered a sewer
  4871 | Sewer    | Reached *** piety under Beogh
  5668 | D:5      | Reached skill level 8 in Maces & Flails
  5806 | D:5      | Reached skill level 7 in Fighting
  5806 | D:5      | Reached skill level 5 in Armour
  6349 | D:6      | Found Ineq's Antique Armour Boutique.
  6364 | D:6      | Bought a transparent scale mail for 144 gold pieces
  6364 | D:6      | Bought a pair of smoking boots for 152 gold pieces
  6364 | D:6      | Bought a large shield for 72 gold pieces
  6379 | D:6      | Identified the +0 pair of boots of Failure {Int+4 SInv} (You bought it in a shop on level 6 of the Dungeon)
  6389 | D:6      | Identified the +8 scale mail of the Earth {rPois Int+3 Stlth-} (You bought it in a shop on level 6 of the Dungeon)
  6402 | D:6      | Reached skill level 9 in Maces & Flails
  6448 | D:6      | Found Meugiac's Food Boutique.
  6558 | D:6      | Reached XP level 9. HP: 79/79 MP: 9/9
  6590 | D:6      | Found a staircase to the Ecumenical Temple.
  6598 | D:6      | Found Looqyfoi's Antique Weapon Shop.
  6768 | D:6      | Reached skill level 1 in Shields
  6848 | D:6      | Reached **** piety under Beogh
  6851 | D:6      | Reached skill level 6 in Armour
  7191 | D:7      | Identified Lobb's Handbook of Venomous Ice
  7287 | D:7      | Reached skill level 2 in Shields
  7897 | D:8      | Reached skill level 8 in Fighting
  7928 | D:8      | Reached skill level 10 in Maces & Flails
  8077 | D:8      | Found a burning altar of Makhleb.
  8131 | D:8      | Reached skill level 3 in Shields
  8139 | D:8      | Found a snail-covered altar of Cheibriados.
  8261 | D:8      | Gained Koronagh as an ally
  8267 | D:8      | Reached skill level 7 in Armour
  8391 | D:8      | Noticed a komodo dragon
  8398 | D:8      | Killed a komodo dragon
  8398 | D:8      | Reached XP level 10. HP: 78/88 MP: 10/10
  8413 | D:8      | Reached skill level 9 in Fighting
  8413 | D:8      | Reached skill level 4 in Shields
  8416 | D:8      | Found a staircase to the Lair.
  8696 | D:9      | Noticed a two-headed ogre
  8714 | D:9      | Killed a two-headed ogre
  8714 | D:9      | Reached skill level 11 in Maces & Flails
  8749 | D:9      | Found a flagged portal.
  8758 | Bailey   | Entered a bailey
  8773 | Bailey   | Reached ***** piety under Beogh
  8897 | Bailey   | Noticed an orc knight
  8917 | Bailey   | Killed an orc knight
  9102 | D:9      | Reached skill level 8 in Armour
  9180 | D:9      | Noticed drasked's ghost (novice HOMo)
  9202 | D:9      | Killed drasked's ghost
  9202 | D:9      | Reached skill level 5 in Shields
  9257 | D:9      | Found a radiant altar of Vehumet.
  9260 | D:9      | Found a sparkling altar of Nemelex Xobeh.
  9263 | D:9      | Found an iron altar of Okawaru.
  9357 | D:9      | Reached skill level 12 in Maces & Flails
  9409 | D:9      | Noticed Joseph
  9419 | D:9      | Killed Joseph
  9419 | D:9      | Reached XP level 11. HP: 70/97 MP: 11/11
  9649 | D:9      | Reached skill level 10 in Fighting
 10029 | D:9      | Gained Koronagh as an ally
 10159 | D:10     | Entered Level 10 of the Dungeon
 10178 | D:10     | Reached skill level 6 in Shields
 10190 | D:10     | Gained Borgun as an ally
 10413 | D:10     | Reached skill level 9 in Armour
 10749 | D:10     | Noticed Wingboner's ghost (journeyman DsTm)
 10751 | D:10     | Noticed an unseen horror
 10761 | D:10     | Killed an unseen horror
 10769 | D:10     | Killed Wingboner's ghost
 11070 | D:10     | Reached skill level 11 in Invocations
 11070 | D:10     | Reached XP level 12. HP: 106/106 MP: 11/20
 11146 | D:11     | Noticed a centaur warrior
 11252 | D:11     | Found a staircase to the Orcish Mines.
 11307 | D:11     | Reached skill level 7 in Shields
 11642 | D:11     | Reached ****** piety under Beogh
 11691 | D:11     | Reached skill level 11 in Fighting
 12084 | D:11     | Reached skill level 10 in Armour
 12119 | D:11     | Killed a centaur warrior
 12387 | D:12     | Reached skill level 8 in Shields
 12551 | D:12     | Reached XP level 13. HP: 110/116 MP: 21/21
 12558 | D:12     | Gained Wargrak as an ally
 12892 | D:12     | Found Wiump's Weapon Boutique.
 12949 | D:12     | Your ally Wargrak died
 13079 | D:13     | Found a gate to the Vaults.
 13079 | D:13     | Noticed Rupert
 13079 | D:13     | Noticed Urug
 13220 | Lair:1   | Entered Level 1 of the Lair of Beasts
 13280 | Lair:1   | Reached skill level 12 in Fighting
 13403 | Lair:1   | Gained Grimold as an ally
 13954 | Lair:2   | Reached skill level 9 in Shields
 14426 | Lair:2   | Found a staircase to the Shoals.
 14665 | Lair:3   | Reached skill level 11 in Armour
 14705 | Lair:3   | Your ally Grimold died
 14975 | Lair:3   | Noticed Harold
 14992 | Lair:3   | Killed Harold
 15152 | Lair:3   | Reached skill level 10 in Shields
 15207 | Lair:3   | Got a sparkling tin ring
 15208 | Lair:3   | Identified the ring of Micylios {AC+1 Int+3} (You found it on level 3 of the Lair of Beasts)
 15220 | Lair:3   | Found a hole to the Spider Nest.
 15361 | Lair:3   | Reached skill level 13 in Fighting
 15723 | Lair:4   | Reached skill level 12 in Armour
 16016 | Lair:4   | Reached XP level 14. HP: 119/129 MP: 22/22
 16577 | Lair:5   | Reached skill level 11 in Shields
 16827 | Lair:5   | Found a staircase to the Slime Pits.
 17256 | Lair:6   | Entered Level 6 of the Lair of Beasts
 18175 | Lair:6   | Gained Norbak as an ally
 18175 | Lair:6   | Reached skill level 14 in Fighting
 18175 | Lair:6   | Reached skill level 13 in Armour
 18352 | Lair:6   | Paralysed by a hornet for 2 turns
 19473 | D:13     | Reached skill level 12 in Shields
 19487 | D:13     | Noticed Josephine
 19495 | D:13     | Killed Josephine
 19591 | D:13     | Killed Urug
 19596 | D:13     | Your ally Borgun died
 19658 | D:13     | Gained Argrim as an ally
 19717 | D:13     | Killed Rupert
 19717 | D:13     | Reached skill level 15 in Fighting
 19886 | D:13     | Got a transparent scale mail
 19887 | D:13     | Identified the cursed +1 scale mail "Veseod" {Stlth+} (You found it on level 13 of the Dungeon)
 20210 | D:13     | Your ally Koronagh died
 20395 | D:14     | Reached XP level 15. HP: 132/141 MP: 23/23
 20536 | D:14     | Reached skill level 14 in Armour
 21012 | D:15     | Entered Level 15 of the Dungeon
 21057 | D:15     | Found a staircase to the Depths.
 21057 | D:15     | Noticed a fire giant
 21074 | D:15     | Killed a fire giant
 21100 | D:15     | Reached skill level 13 in Shields
 21105 | D:15     | Your ally Norbak died
 21797 | D:15     | Got a warped ring mail
 21893 | D:15     | Found a sparkling altar of Nemelex Xobeh.
 22062 | Shoals:1 | Entered Level 1 of the Shoals
 22220 | Shoals:1 | Upgraded the game from 0.21-a0-140-g479285b to 0.21-a0-142-gdd972a7
 22308 | Shoals:1 | Gained Morun as an ally
 22389 | Shoals:2 | Gained Norbak as an ally
 22390 | Shoals:2 | HP: 32/143 [wind drake/the air (8)]
 22747 | Shoals:1 | Gained Murdo as an ally
 22777 | Shoals:1 | Identified the +2 ring mail of the Accordion {MP+9 Int+3} (You found it on level 15 of the Dungeon)
 22826 | Shoals:2 | Gained Judas as an ally
 22833 | Shoals:2 | Reached skill level 16 in Fighting
 22841 | Shoals:2 | HP: 36/144 [merfolk impaler/trident of flaming (7)]
 22865 | Shoals:2 | Found a flickering gateway to a bazaar.
 22892 | Bazaar   | Entered a bazaar
 22898 | Bazaar   | Found Pufijil's Book Emporium.
 22898 | Bazaar   | Found Nyffejipn's Jewellery Shoppe.
 22907 | Bazaar   | Got a wavering bronze ring
 22962 | Shoals:1 | Identified a scroll of acquirement
 22963 | Shoals:1 | Got a brightly glowing plate armour
 22974 | Shoals:1 | Identified the +5 plate armour of Inviolability {rPois rN+} (You acquired it on level 1 of the Shoals)
 23014 | Shoals:1 | Identified the ring "Qaeriok" {*Tele rF+++ rC+ rN+ Dex-5} (You found it in a bazaar)
 23406 | Shoals:3 | Noticed Polyphemus
 23428 | Shoals:3 | Killed Polyphemus
 23439 | Shoals:3 | Reached skill level 15 in Armour
 23466 | Shoals:3 | Noticed Ilsuiw
 23480 | Shoals:3 | Killed Ilsuiw
 23480 | Shoals:3 | Gained Bogbarth as an ally
 23484 | Shoals:3 | HP: 22/144 [merfolk javelineer/javelin of returning (24)]
 23498 | Shoals:3 | HP: 31/145 [merfolk javelineer/javelin (1)]
 23506 | Shoals:3 | Reached skill level 14 in Shields
 23527 | Shoals:3 | HP: 31/145 [merfolk javelineer/javelin of penetration (6)]
 23528 | Shoals:3 | HP: 4/145 [merfolk javelineer/javelin of penetration (27)]
 23982 | Shoals:3 | Got a pitted chain mail
 23983 | Shoals:3 | Identified the cursed +1 chain mail of the Blessed Realm {rCorr Str+4 Int-3} (You found it on level 3 of the Shoals)
 24244 | Shoals:3 | Reached XP level 16. HP: 83/152 MP: 24/24
 24586 | Shoals:4 | Entered Level 4 of the Shoals
 25339 | Shoals:4 | Reached skill level 17 in Fighting
 25989 | Shoals:4 | Reached skill level 15 in Shields
 26101 | Shoals:4 | Reached skill level 16 in Armour
 26525 | Shoals:4 | Got a barnacled rune of Zot
 26968 | Orc:1    | Entered Level 1 of the Orcish Mines
 27042 | Orc:2    | Entered Level 2 of the Orcish Mines
 27151 | Orc:1    | Noticed kuniqs's ghost (journeyman DEIE)
 27199 | Orc:1    | Killed kuniqs's ghost
 27199 | Orc:1    | Gained Korbok as an ally
 27205 | Orc:1    | Gained Bogward as an ally
 27616 | Orc:1    | Gained Morbeogh as an ally
 28061 | Orc:2    | Found a staircase to the Elven Halls.
 28061 | Orc:2    | Noticed Maurice
 28073 | Orc:2    | Killed Maurice
 28104 | Orc:2    | Found Cazeyvar's Magic Scroll Shoppe.
 28138 | Orc:2    | Noticed Blork the orc
 28140 | Orc:2    | Found a roughly hewn altar of Beogh.
 28144 | Orc:2    | Found Vaytotreng's General Store.
 28151 | Orc:2    | Your ally died
 28156 | Orc:2    | HP: 36/157 [orc knight/uncursed battleaxe of freezing (14)]
 28159 | Orc:2    | HP: 13/157 [troll[an orc warlord] (12)]
 28162 | Orc:2    | Gained Borgoth as an ally
 28535 | Orc:2    | Found Eric's Jewellery Emporium.
 28559 | Orc:2    | Found Riasatt's Antique Weapon Emporium.
 28588 | Orc:2    | Found Diddus's Antique Armour Emporium.
 28936 | Vaults:1 | Entered Level 1 of the Vaults
 29056 | Vaults:1 | Gained Bogward as an ally
 29170 | Vaults:1 | Got a jet-encrusted leather armour
 29171 | Vaults:1 | Identified the +2 leather armour "Ruduyb" {+Blink +Fly Dex+3} (You found it on level 1 of the Vaults)
 29242 | Vaults:1 | Reached XP level 17. HP: 126/163 MP: 25/25
 29250 | Vaults:1 | Reached skill level 18 in Fighting
 29624 | Vaults:1 | Noticed a sphinx
 29630 | Vaults:1 | Killed a sphinx
 29851 | Vaults:1 | Reached skill level 16 in Shields
 30195 | Vaults:1 | Your ally Koronagh died
 30644 | Vaults:1 | Reached skill level 17 in Armour
 30801 | Vaults:2 | Found Ixecero's Weapon Shoppe.
 31033 | Vaults:2 | Reached skill level 19 in Fighting
 31139 | Vaults:2 | Found a staircase to the Crypt.
 31142 | Vaults:2 | Found a magical portal.
 31172 | WizLab   | Entered The Roulette of Golubria
 31172 | WizLab   | Found a transporter.
 31401 | WizLab   | Found a corrupted altar of Lugonu.
 31550 | WizLab   | Noticed a tentacled starspawn
 31560 | WizLab   | Found a transporter.
 31640 | WizLab   | Found a transporter.
 31731 | WizLab   | Found a transporter.
 31756 | WizLab   | Found a transporter.
 31777 | WizLab   | Found a transporter.
 31824 | WizLab   | Found a transporter.
 31837 | WizLab   | Reached XP level 18. HP: 159/176 MP: 26/26
 31936 | WizLab   | Found a transporter.
 31971 | WizLab   | Found a transporter.
 32150 | WizLab   | Found a transporter.
 32150 | WizLab   | Found a transporter.
 32232 | WizLab   | Found a transporter.
 32322 | WizLab   | Reached skill level 17 in Shields
 32447 | WizLab   | Found a transporter.
 32447 | WizLab   | Found a transporter.
 32448 | WizLab   | Found a corrupted altar of Lugonu.
 32543 | WizLab   | Found a transporter.
 32596 | WizLab   | Found a transporter.
 32596 | WizLab   | Found a transporter.
 32674 | WizLab   | Found a transporter.
 32692 | WizLab   | HP: 41/176 [eldritch tentacle (21)]
 32726 | WizLab   | Got a faintly glowing cloak
 32751 | WizLab   | Got a faintly glowing cloak
 33100 | Vaults:2 | Identified the +0 cloak "Luoxesh" {Str+3 Int+4 Slay+3} (You found it in a wizard's laboratory)
 33110 | Vaults:2 | Identified the +0 cloak "Owuwahul" {Dex+5} (You found it in a wizard's laboratory)
 33734 | Vaults:2 | Reached skill level 18 in Armour
 34677 | Vaults:3 | Noticed Mennas
 34694 | Vaults:3 | Killed Mennas
 34774 | Vaults:3 | Noticed Saint Roka
 34784 | Vaults:3 | Your ally Morbeogh died
 34788 | Vaults:3 | Killed Saint Roka
 35056 | Vaults:3 | Reached skill level 20 in Fighting
 35785 | Vaults:3 | Reached skill level 18 in Shields
 35814 | Vaults:3 | Reached XP level 19. HP: 165/185 MP: 27/27
 36939 | Vaults:4 | Found Ypaitu's General Store.
 36947 | Vaults:4 | Your ally Morun died
 36966 | Vaults:4 | Gained Gorbash as an ally
 36968 | Vaults:4 | Reached skill level 19 in Armour
 37012 | Vaults:4 | Found Hikhomet's Food Shop.
 37069 | Vaults:4 | Found Istrorom's Distillery.
 37423 | Vaults:4 | Found Sastob's Book Emporium.
 37425 | Vaults:4 | Found Vuryut's Assorted Antiques.
 37652 | Vaults:4 | Your ally Korbok died
 38445 | Vaults:4 | Reached skill level 21 in Fighting
 38833 | Spider:1 | Entered Level 1 of the Spider Nest
 38848 | Spider:1 | Your ally Bogward died
 39605 | Spider:1 | Reached skill level 19 in Shields
 39937 | Spider:2 | HP: 44/189 [redback (11)]
 39958 | Spider:2 | Gained Horkud as an ally
 41195 | Spider:3 | Reached XP level 20. HP: 196/198 MP: 28/28
 41711 | Spider:4 | Entered Level 4 of the Spider Nest
 41736 | Spider:4 | Your ally Judas died
 41997 | Spider:4 | Got a dazzling scimitar
 41998 | Spider:4 | Identified the +4 scimitar of the Enemy {slice, *Noise Int+3 Stlth+} (You found it on level 4 of the Spider Nest)
 42440 | Spider:4 | Your ally Borgoth died
 42620 | Spider:4 | Reached skill level 12 in Invocations
 42694 | Spider:4 | Got a gossamer rune of Zot
 43298 | Elf:1    | Entered Level 1 of the Elven Halls
 43736 | Elf:1    | Found a portal to a secret trove of treasure.
 43817 | Elf:1    | Reached skill level 20 in Armour
 44051 | Elf:1    | Gained Zartorak as an ally
 44557 | Elf:1    | Reached skill level 22 in Fighting
 44664 | Elf:2    | Your ally Zartorak died
 44885 | Elf:2    | Found a huge runed gate.
 44885 | Elf:2    | Found a huge runed gate.
 44885 | Elf:2    | Found a huge runed gate.
 44885 | Elf:2    | Found a huge runed gate.
 44885 | Elf:2    | Found a huge runed gate.
 44997 | Elf:2    | Found a frozen archway.
 45258 | Elf:2    | Reached skill level 13 in Invocations
 45373 | Elf:2    | Reached XP level 21. HP: 98/207 MP: 23/30
 45739 | Elf:2    | Reached skill level 20 in Shields
 47024 | Vaults:5 | Entered Level 5 of the Vaults
 47035 | Vaults:5 | Your ally Horkud died
 47037 | Vaults:5 | Your ally Argrim died
 47085 | Vaults:5 | Rhok: ??beogh
 47085 | Vaults:5 | Rhok: oh, no beem
 47085 | Vaults:5 | Rhok: )
 47085 | Vaults:5 | drasked: ?
 47085 | Vaults:5 | drasked: im just a noob :p
 47085 | Vaults:5 | Rhok: beem, this bot that you can get info from
 47085 | Vaults:5 | Rhok: me too :)
 47099 | Vaults:4 | Paralysed by a floating eye for 3 turns
 47108 | Vaults:4 | drasked: should have not fought downstairs in the first place
 47108 | Vaults:4 | drasked: many good orcs died
 47477 | Vaults:5 | Noticed kuniqs's ghost (veteran DEIE)
 47495 | Vaults:5 | Noticed a golden dragon
 47495 | Vaults:5 | Killed kuniqs's ghost
 47501 | Vaults:5 | Reached skill level 14 in Invocations
 47503 | Vaults:5 | Killed a golden dragon
 47853 | Vaults:5 | Noticed a golden dragon
 47860 | Vaults:5 | Killed a golden dragon
 47931 | Vaults:5 | Gained Wargrak as an ally
 47985 | Vaults:5 | Noticed Boris
 47989 | Vaults:5 | Noticed a golden dragon
 47998 | Vaults:5 | Killed Boris
 47998 | Vaults:5 | HP: 50/209 [golden dragon/bolt of cold (31)]
 48001 | Vaults:5 | Killed a golden dragon
 48670 | Orc:2    | Bought the ring "Iraf Pottun" {rPois rC+ Str+3} for 403 gold pieces
 48670 | Orc:2    | Bought the cursed ring "Put-Me-On" {rF++ rC+ AC-2} for 280 gold pieces
 48681 | Orc:2    | Rhok: heh
 48687 | Orc:2    | Rhok: ive never played with Beogh
 48693 | Orc:2    | Rhok: gotta try it some time, looks good
 48715 | Orc:2    | drasked: yeah its pretty funny
 48715 | Orc:2    | drasked: im running out of orcs rho
 48715 | Orc:2    | drasked: tho*
 48715 | Orc:2    | drasked: and this dude is not wielding a weapon
 50017 | Vaults:5 | Reached skill level 15 in Invocations
 50034 | Vaults:5 | Your ally Gorbash died
 50036 | Vaults:5 | Reached XP level 22. HP: 126/217 MP: 33/33
 50271 | Vaults:5 | Reached skill level 21 in Armour
 50511 | Vaults:5 | drasked: LOL
 50525 | Vaults:5 | Reached skill level 23 in Fighting
 50616 | Vaults:5 | Got a glittering iron ring
 50625 | Vaults:5 | Identified the ring "Rodiaz" {AC+5 Str-5 Dex+5} (You found it on level 5 of the Vaults)
 50639 | Vaults:5 | Got a shimmering robe
 50648 | Vaults:5 | Got an ancient plate armour
 50662 | Vaults:5 | Identified the +4 plate armour "Quakud" {rF++ Dex+5 Stlth+} (You found it on level 5 of the Vaults)
 50672 | Vaults:5 | Identified the +2 robe "Fete" {Str+4 Stlth+} (You found it on level 5 of the Vaults)
 50696 | Vaults:5 | Got a vibrating emerald amulet
 50699 | Vaults:5 | Identified the amulet of the Final Decision {Inacc rF- rC+ Int+4} (You found it on level 5 of the Vaults)
 50730 | Vaults:5 | Identified Meisam's Advanced Steps in the Arcane Arts
 50946 | Vaults:5 | Got a silver rune of Zot
 51095 | Vaults:5 | Got a heavily runed ring mail
 51128 | Vaults:5 | Identified the +4 ring mail of Xuomau {rC+} (You found it on level 5 of the Vaults)
 51498 | Depths:1 | Entered Level 1 of the Depths
 51738 | Depths:1 | Noticed Sojobo
 51742 | Depths:1 | Noticed Frederick
 51760 | Depths:1 | Killed Sojobo
 51760 | Depths:1 | Reached skill level 21 in Shields
 51765 | Depths:1 | Killed Frederick
 51888 | Depths:1 | Found a gateway to Hell.
 52070 | Depths:1 | Found a one-way gate to the infinite horrors of the Abyss.
 52114 | Depths:1 | Reached skill level 16 in Invocations
 52204 | Depths:1 | Got a heavily runed amethyst amulet
 52237 | Depths:1 | Identified the amulet "Rer Siah" {Gourm Stlth+} (You found it on level 1 of the Depths)
 52637 | Depths:1 | Rhok: do you get more and more orcs over time or something? or theres a fixed number?
 52708 | Depths:1 | drasked: they have a chance to convert if they see you
 52708 | Depths:1 | drasked: so in orc mines you get a lot of followers
 52708 | Depths:1 | drasked: you can kind of use it as a recruitment place
 52708 | Depths:1 | Rhok: oh
 52708 | Depths:1 | drasked: then i think if you totally run out
 52708 | Depths:1 | drasked: you can get some from beogh
 52708 | Depths:1 | Rhok: ahh thats cool
 53067 | Depths:1 | Reached XP level 23. HP: 227/227 MP: 35/35
 53298 | Depths:1 | Rhok: the problem is that they have names
 53300 | D:15     | Rhok: if they die it's sad
 53603 | Depths:1 | drasked: yes
 53603 | Depths:1 | drasked: but you can res them
 53603 | Depths:1 | drasked: if you notice it
 53603 | Depths:1 | Rhok: wow, nice
 53603 | Depths:1 | Rhok: didnt know about that
 53603 | Depths:1 | drasked: but i lost a lot and i couldnt find their corpse
 53603 | Depths:1 | drasked: rip
 53603 | Depths:1 | drasked: im trying to go solo see if beogh gives me new recruits
 53609 | Depths:1 | Rhok: good
 54176 | Depths:2 | Reached skill level 17 in Invocations
 54208 | Depths:2 | Noticed Bai Suzhen
 54349 | Depths:2 | Killed Bai Suzhen
 54350 | Depths:2 | drasked: it worked
 54405 | Depths:2 | Gained Morbeogh as an ally
 54935 | Depths:2 | Your ally Bogbarth died
 54962 | Depths:2 | HP: 36/229 [titan/bolt of lightning (42)]
 54963 | Depths:2 | HP: 12/229 [titan/the air (24)]
 54965 | Depths:2 | Killed from afar by a titan

Vault maps used:
D:1:      shiori_arrival_maze, serial_park_tiny_1
D:2:      lemuel_round_altar, lemuel_round_altar, old_standard_altar,
          minmay_cut_off, uniq_natasha
D:4:      kennysheep_slugbush, nicolae_dithmenos_the_darkroom
D:5:      cheibrodos_thug_alley, first_bread, gup_sewer_entry_bubbles
D:6:      minmay_flawed_box, minmay_temple_entry_butterflies, serial_shops,
          kennysheep_mini, shop, shop, minmay_holes
D:8:      marbit_many_paths, david_lair_shrubbed, serial_undead,
          serial_undead_c, serial_undead_c, serial_undead_d, serial_undead_d,
          serial_undead_b, bloody_makhleb
D:9:      grunt_temple_overflow_diamond, enter_bailey_3, uniq_joseph
D:11:     hiddenorc1_lemuel, grunt_livestock
D:12:     serial_shops, kennysheep_little_box
D:13:     david_vaults_3, uniq_josephine
D:14:     roderic_roman_lattice
D:15:     grunt_enter_depths_giant_problem, serial_bayou_pond_d,
          nemelex_diamond_rough_becter
Lair:1:   infiniplex_staircase_pool
Lair:2:   elwin_shoals_entry_rooms, grunt_megastairs_3
Lair:3:   minmay_guarded_unrand_snakebite, spider_nest_entry_funnel_web,
          grunt_megastairs_2, uniq_harold
Lair:4:   nicolae_quartered_pool_super
Lair:5:   nicolae_slime_entry_slimehenge
Lair:6:   minmay_lair_end_enchanted_forest
Shoals:2: serial_shops, bzr_entry_islet
Shoals:3: nicolae_shoals_hunting_party, uniq_polyphemus, uniq_ilsuiw
Shoals:4: shoals_end_hangedman, shoals_ilsuiw_ice, nicolae_shoals_undead_eyrie
Spider:1: guppyfry_hornet_nest
Spider:2: nicolae_orb_island
Spider:4: spider_rune_water, nicolae_spider_cling_ruins
Orc:2:    grunt_orc_cross, serial_shops, shop, uniq_maurice
Elf:1:    nicolae_trove_entry_diagonal, minmay_elf_crystal_hexagon,
          grunt_ministairs_5, st_stairs_10
Elf:2:    portal_ice_cave_entry_pillars_three, corner_web_ring,
          minmay_misc_feat_rows
Vaults:1: v_misc_1, v_misc_3, grunt_vaults_bifocal, st_lattice, v_misc_10,
          hangedman_vaults_pinch, vaults_mumra_minichess, v_misc_15,
          nicolae_vaults_what_the_h, nicolae_vaults_little_squares_5,
          nicolae_vaults_rhombus_7, nicolae_vaults_ring_of_whatevers,
          vaults_dpeg_encased_lava
Vaults:2: v_misc_5, nicolae_vaults_meeting, vaults_room_ringed_pool,
          ontoclasm_vaults_shuriken, v_pattern_5, nicolae_vaults_network_square,
          grunt_vaults_focal, grunt_vaults_hallway_short, dummy_crypt_entry,
          infiniplex_enter_wizlab_glasses, serial_shops, shop
Vaults:3: v_rooms_2, hangedman_vaults_variations, v_misc_16,
          nicolae_vaults_asterisk, vaults_standard_mumra_lines,
          ontoclasm_vaults_ring_small, vaults_room_door_ring,
          grunt_vaults_trifunnel, v_alt_pattern_5, vaults_dpeg_ring,
          nicolae_vaults_gold_heap, uniq_mennas, uniq_saint_roka
Vaults:4: nicolae_vaults_little_ls, nicolae_vaults_disjoint_gnomons,
          hangedman_vaults_stagger, vaults_room_grid, vaults_room_door_hall,
          v_alt_pattern_1, v_misc_3, vaults_dpeg_hooks, ontoclasm_vaults_idyll,
          nicolae_vaults_big_ls, v_pattern_4, grunt_vaults_diagonal,
          st_smaller_cells, nicolae_vaults_little_squares_1, vaults_room_pools,
          ontoclasm_vaults_ligature, nicolae_vaults_theta, serial_shops,
          nicolae_shop_statue_plus, nicolae_shop_window_shopping,
          nicolae_shop_overgrown_old_shop, shop_fountains, shop
Vaults:5: serial_shops, uniq_boris
Depths:1: minmay_the_grid_square_5x5_5x5, roderic_serpentine_path, abyss_entry,
          grunt_mini_vestibule, sword_in_stone
Depths:2: grunt_house_of_mirrors, hell_entry, nicolae_two_hexagons,
          uniq_bai_suzhen
Bazaar:   bazaar_mystics
Sewer:    sewer_co_scattered_pipes
Bailey:   bailey_axe_2, bailey
WizLab:   wizlab_golubria

Skill      XL: |  1  2  3  4  5  6  7  8  9 10 11 12 13 14 15 16 17 18 19 20 21 22 23 |
---------------+----------------------------------------------------------------------+-----
Armour         | 1 2 3 4 5 7 8 9 10 12 13 15 16 17 18 19 20 21 | 21.9
Maces & Flails | 4 5 6 7 9 10 12 | 12.5
Fighting       | 4 5 6 7 8 9 10 11 13 15 16 17 19 20 21 22 23 | 23.8
Shields        | 3 5 6 8 10 12 14 15 16 18 19 20 21 | 21.7
Invocations    | 11 13 15 16 17 | 17.4
Dodging        | |  2.4
Stealth        | |  1.5

Action                   |  1- 3 |  4- 6 |  7- 9 | 10-12 | 13-15 | 16-18 | 19-21 | 22-24 || total
-------------------------+-------+-------+-------+-------+-------+-------+-------+-------++-------
Melee: Mace              |   116 |   136 |       |       |       |       |       |       ||   252
       Flail             |       |    85 |    48 |       |       |       |       |       ||   133
       Whip              |       |       |   558 |   509 |  1109 |  1103 |       |       ||  3279
       Sacred scourge    |       |       |       |       |       |   161 |  1246 |   810 ||  2217
Invok: Convert to Beogh  |       |     1 |       |       |       |       |       |       ||     1
       Recall Orcish Fol |       |       |     2 |     4 |    12 |    15 |    36 |    29 ||    98
       Stop Recall       |       |       |     2 |     4 |     8 |     6 |     1 |       ||    21
       Give Item to Name |       |       |       |     1 |     7 |     1 |     1 |     1 ||    11
       Resurrection      |       |       |       |       |     2 |     3 |       |     1 ||     6
       Smiting           |       |       |       |       |     5 |    11 |     4 |       ||    20
Evoke: Wand              |       |       |       |       |       |     2 |       |       ||     2
  Use: Scroll            |       |     6 |     2 |    11 |    16 |    12 |     9 |     6 ||    62
       Potion            |       |       |       |    10 |     5 |     4 |     9 |     2 ||    30
 Stab: Distracted        |       |       |     4 |    10 |    12 |    14 |    12 |     4 ||    56
       Confused          |       |       |     1 |       |       |       |       |       ||     1
       Invisible         |       |       |       |     3 |       |       |       |       ||     3
       Paralysed         |       |       |       |       |       |     1 |       |       ||     1
  Eat: Chunk             |     1 |     8 |     7 |    11 |    28 |    28 |    23 |    18 ||   124
       Royal jelly       |       |       |     2 |     1 |     5 |     3 |     2 |       ||    13
       Meat ration       |       |       |     1 |       |       |       |     2 |       ||     3
       Fruit             |       |       |       |     1 |     2 |     3 |     3 |       ||     9
       Bread ration      |       |       |       |       |       |       |     2 |     1 ||     3
Armor: Scale mail        |    67 |    87 |   148 |   109 |   271 |       |       |       ||   682
       Plate armour      |       |       |       |       |    37 |   421 |   410 |   176 ||  1044
Dodge: Dodged            |    68 |    96 |   112 |    89 |   158 |   139 |   162 |    81 ||   905
Block: Large shield      |       |       |    72 |   299 |   740 |  1019 |  1078 |   650 ||  3858

Vault maps used:
D:1:      shiori_arrival_maze, serial_park_tiny_1
D:2:      lemuel_round_altar, lemuel_round_altar, old_standard_altar,
          minmay_cut_off, uniq_natasha
D:4:      kennysheep_slugbush, nicolae_dithmenos_the_darkroom
D:5:      cheibrodos_thug_alley, first_bread, gup_sewer_entry_bubbles
D:6:      minmay_flawed_box, minmay_temple_entry_butterflies, serial_shops,
          kennysheep_mini, shop, shop, minmay_holes
D:8:      marbit_many_paths, david_lair_shrubbed, serial_undead,
          serial_undead_c, serial_undead_c, serial_undead_d, serial_undead_d,
          serial_undead_b, bloody_makhleb
D:9:      grunt_temple_overflow_diamond, enter_bailey_3, uniq_joseph
D:11:     hiddenorc1_lemuel, grunt_livestock
D:12:     serial_shops, kennysheep_little_box
D:13:     david_vaults_3, uniq_josephine
D:14:     roderic_roman_lattice
D:15:     grunt_enter_depths_giant_problem, serial_bayou_pond_d,
          nemelex_diamond_rough_becter
Lair:1:   infiniplex_staircase_pool
Lair:2:   elwin_shoals_entry_rooms, grunt_megastairs_3
Lair:3:   minmay_guarded_unrand_snakebite, spider_nest_entry_funnel_web,
          grunt_megastairs_2, uniq_harold
Lair:4:   nicolae_quartered_pool_super
Lair:5:   nicolae_slime_entry_slimehenge
Lair:6:   minmay_lair_end_enchanted_forest
Shoals:2: serial_shops, bzr_entry_islet
Shoals:3: nicolae_shoals_hunting_party, uniq_polyphemus, uniq_ilsuiw
Shoals:4: shoals_end_hangedman, shoals_ilsuiw_ice, nicolae_shoals_undead_eyrie
Spider:1: guppyfry_hornet_nest
Spider:2: nicolae_orb_island
Spider:4: spider_rune_water, nicolae_spider_cling_ruins
Orc:2:    grunt_orc_cross, serial_shops, shop, uniq_maurice
Elf:1:    nicolae_trove_entry_diagonal, minmay_elf_crystal_hexagon,
          grunt_ministairs_5, st_stairs_10
Elf:2:    portal_ice_cave_entry_pillars_three, corner_web_ring,
          minmay_misc_feat_rows
Vaults:1: v_misc_1, v_misc_3, grunt_vaults_bifocal, st_lattice, v_misc_10,
          hangedman_vaults_pinch, vaults_mumra_minichess, v_misc_15,
          nicolae_vaults_what_the_h, nicolae_vaults_little_squares_5,
          nicolae_vaults_rhombus_7, nicolae_vaults_ring_of_whatevers,
          vaults_dpeg_encased_lava
Vaults:2: v_misc_5, nicolae_vaults_meeting, vaults_room_ringed_pool,
          ontoclasm_vaults_shuriken, v_pattern_5, nicolae_vaults_network_square,
          grunt_vaults_focal, grunt_vaults_hallway_short, dummy_crypt_entry,
          infiniplex_enter_wizlab_glasses, serial_shops, shop
Vaults:3: v_rooms_2, hangedman_vaults_variations, v_misc_16,
          nicolae_vaults_asterisk, vaults_standard_mumra_lines,
          ontoclasm_vaults_ring_small, vaults_room_door_ring,
          grunt_vaults_trifunnel, v_alt_pattern_5, vaults_dpeg_ring,
          nicolae_vaults_gold_heap, uniq_mennas, uniq_saint_roka
Vaults:4: nicolae_vaults_little_ls, nicolae_vaults_disjoint_gnomons,
          hangedman_vaults_stagger, vaults_room_grid, vaults_room_door_hall,
          v_alt_pattern_1, v_misc_3, vaults_dpeg_hooks, ontoclasm_vaults_idyll,
          nicolae_vaults_big_ls, v_pattern_4, grunt_vaults_diagonal,
          st_smaller_cells, nicolae_vaults_little_squares_1, vaults_room_pools,
          ontoclasm_vaults_ligature, nicolae_vaults_theta, serial_shops,
          nicolae_shop_statue_plus, nicolae_shop_window_shopping,
          nicolae_shop_overgrown_old_shop, shop_fountains, shop
Vaults:5: serial_shops, uniq_boris
Depths:1: minmay_the_grid_square_5x5_5x5, roderic_serpentine_path, abyss_entry,
          grunt_mini_vestibule, sword_in_stone
Depths:2: grunt_house_of_mirrors, hell_entry, nicolae_two_hexagons,
          uniq_bai_suzhen
Bazaar:   bazaar_mystics
Sewer:    sewer_co_scattered_pipes
Bailey:   bailey_axe_2, bailey
WizLab:   wizlab_golubria

Table legend:
 A = Turns spent in this place as a percentage of turns spent in the entire game.
 B = Non-inter-level travel turns spent in this place as a percentage of non-inter-level travel turns spent in the entire game.
 C = Inter-level travel turns spent in this place as a percentage of turns spent in this place.
 D = Turns resting spent in this place as a percentage of non-inter-level travel turns spent in this place.
 E = Turns spent auto-exploring this place as a percentage of non-inter-level travel turns spent in this place.
 F = Non-inter-level travel turns spent in this place divided by the number of levels of this place that you've seen.
                   A       B       C       D       E      F
               +-------+-------+-------+-------+-------+----------------------
         Total | 100.0 | 100.0 |   0.4 |   1.1 |   3.6 | 585.6
       Dungeon |  22.3 |  22.3 |   0.7 |   1.2 |   8.2 | 382.5
          Lair |  11.1 |  11.2 |   0.3 |   0.5 |   3.7 | 479.0
        Shoals |  11.4 |  11.5 |   0.0 |   1.1 |   0.4 | 740.0
   Spider Nest |   6.0 |   6.0 |   0.4 |   1.9 |   4.9 | 387.8
  Orcish Mines |   4.2 |   4.2 |   0.6 |   0.8 |   5.2 | 539.5
   Elven Halls |   7.4 |   7.4 |   0.3 |   0.7 |   0.9 | 954.5
        Vaults |  23.4 |  23.4 |   0.4 |   1.3 |   1.7 | 1207.8
        Depths |   8.1 |   8.1 |   0.2 |   0.8 |   1.2 | 1043.0
        Bazaar |   0.2 |   0.2 |   0.0 |   0.0 |   0.0 |  42.0
         Sewer |   1.9 |   1.9 |   0.0 |   0.4 |   4.9 | 491.0
        Bailey |   1.0 |   1.0 |   0.0 |   0.0 |   6.2 | 257.0
        Wizlab |   2.9 |   2.9 |   0.0 |   1.9 |   1.6 | 742.0
               +-------+-------+-------+-------+-------+----------------------

Table legend:
 A = Kills in this place as a percentage of kills in entire the game.
 B = Kills by you in this place as a percentage of kills by you in the entire game.
 C = Kills by friends in this place as a percentage of kills by friends in the entire game.
 D = Other kills in this place as a percentage of other kills in the entire game.
 E = Experience gained in this place as a percentage of experience gained in the entire game.
 F = Experience gained in this place divided by the number of levels of this place that you have seen.
                   A       B       C       D       E      F
               +-------+-------+-------+-------+-------+----------------------
         Total | 100.0 | 100.0 | 100.0 | 100.0 | 100.0 | 16972.1
       Dungeon |  23.3 |  30.4 |  14.8 |   0.0 |   6.9 | 3441.1
          Lair |  10.7 |   9.0 |  12.8 |   0.0 |   5.0 | 6205.8
        Shoals |   9.2 |   5.5 |  13.7 |   0.0 |   8.7 | 16232.8
   Spider Nest |  11.9 |  10.1 |  14.2 |   0.0 |   9.2 | 17216.5
  Orcish Mines |   2.0 |   1.4 |   2.6 |   0.0 |   1.2 | 4305.0
   Elven Halls |   5.3 |   4.8 |   5.8 |  28.6 |   7.4 | 27633.5
        Vaults |  24.4 |  19.7 |  30.2 |  28.6 |  39.5 | 58923.6
        Depths |   8.4 |  10.4 |   5.6 |  42.9 |  19.0 | 70970.5
         Sewer |   1.2 |   2.1 |   0.0 |   0.0 |   0.0 |  69.0
        Bailey |   1.8 |   3.3 |   0.0 |   0.0 |   0.1 | 822.0
        Wizlab |   1.9 |   3.2 |   0.4 |   0.0 |   3.1 | 22796.0
               +-------+-------+-------+-------+-------+----------------------
